Map: Addestramento Void Fase 4

Players

Jhyrachy - Winner!

  • Race: Zerg Zerg
  • League: Gold

Giocatore 2

  • Race: Terran Terran

VOD

Have the link to the VOD?

Description

Time

  • Played on: May 13, 2016, 2:51 p.m.
  • Length: 11:37
Show
View Real Time Build Order
Export as new Build Order

Jhyrachy Zerg - Winner!

Build Orders: Hatch First 

Get SALT Encoding   

  12  0:01  Drone  
  13  0:11  Drone  
  14  0:18  Overlord  
  14  0:37  Drone x3  
  18  0:57  Drone  
  18  1:03  Hatchery  
  17  1:04  Drone  
  17  1:05  Extractor  
  17  1:18  Spawning Pool  
  16  1:20  Drone  
  16  1:23  Drone  
  18  1:31  Drone  
  19  1:46  Overlord  
  19  2:02  Drone  
  19  2:07  Queen  
  19  2:08  Drone  
  23  2:15  Queen  
  23  2:17  Drone x2  
  27  2:25  Drone  
  28  2:31  Drone  
  29  2:38  Drone x2  
  31  2:45  Lair  
  31  2:48  Extractor  
  31  2:50  Extractor  
  29  2:53  Extractor  
  28  2:58  Drone  
  28  2:59  Drone x2  
  28  3:04  Drone  
  32  3:20  Drone x4  
  32  3:22  Overlord  
  36  3:35  Overlord  
  36  3:44  Overlord  
  36  3:52  Drone x5  
  41  3:57  Spire  
  40  4:43  Overlord  
  40  4:44  Overlord  
  40  4:46  Zergling x6  
  43  5:09  Mutalisk x4  
  43  5:10  Mutalisk x8  
  67  5:26  Overlord  
  67  5:37  Hatchery  
  67  5:39  Drone x5  
  67  5:40  Drone  
  72  5:43  Drone x3  
  72  5:44  Overlord  
  75  5:55  Zerg Flyer Weapons Level 1  
  76  6:18  Drone  
  76  6:19  Drone x10  
  76  6:21  Queen  
  88  7:10  Overlord x3  
  88  7:37  Mutalisk  
  88  7:38  Mutalisk x9  
  108  7:46  Mutalisk  
  108  7:47  Mutalisk x5  
  117  8:04  Extractor  
  116  8:06  Extractor, Drone x6  
  116  8:11  Overlord  
  121  8:32  Hatchery  
  112  8:58  Queen  
  114  9:04  Zerg Flyer Weapons Level 2  
  114  9:15  Extractor  
  113  9:22  Drone  
  113  9:23  Drone x5  
  119  10:22  Overlord x2  
  119  10:26  Hatchery  
  118  10:31  Mutalisk x6  
  118  10:33  Overlord x3  
  130  11:18  Drone x4  
Show
View Real Time Build Order
Export as new Build Order

Giocatore 2 Terran 

Build Orders:  

Get SALT Encoding   

  12  0:00  SCV  
  13  0:13  SCV  
  14  0:20  Supply Depot  
  14  0:25  SCV  
  15  0:42  SCV  
  16  0:44  Barracks  
  16  0:50  Refinery  
  16  0:54  SCV  
  17  1:06  SCV  
  18  1:16  Supply Depot  
  18  1:32  Marine  
  19  1:33  Orbital Command, Barracks  
  19  1:43  Refinery  
  19  1:50  Barracks Tech Lab  
  19  2:08  Marine  
  19  2:11  Supply Depot  
  20  2:21  Marine  
  21  2:34  Marine  
  22  2:47  Marine, Supply Depot  
  23  2:57  SCV  
  24  3:00  Marine  
  25  3:09  SCV  
  26  3:15  Engineering Bay  
  26  3:18  Marauder  
  28  3:21  SCV  
  28  3:25  Marine  
  30  3:33  SCV  
  31  3:39  Marauder  
  33  3:45  SCV  
  34  3:49  Supply Depot  
  34  3:57  SCV  
  34  4:01  Marauder  
  37  4:22  Marauder  
  39  4:43  Marauder  
  41  6:03  Marine  
  42  6:08  SCV  
  37  6:20  SCV  
  38  6:26  Barracks Tech Lab  
  38  6:27  Reaper  
  37  6:32  Missile Turret  
  37  6:33  SCV  
  37  6:36  Sensor Tower  
  33  6:42  Command Center  
  33  6:45  Reaper, SCV  
  33  6:56  Missile Turret  
  33  6:57  SCV  
  33  6:59  Marine  
  31  7:08  Factory  
  29  7:09  SCV  
  29  7:12  Sensor Tower  
  30  7:15  Barracks  
  30  7:16  Marine  
  30  7:20  Marine  
  30  7:21  SCV  
  33  7:23  Bunker  
  33  7:28  Factory  
  33  7:33  SCV  
  33  7:34  Marine  
  35  7:45  SCV  
  35  7:57  SCV  
  36  8:00  Starport  
  36  8:03  Barracks Reactor, Armory, Factory Tech Lab  
  36  8:06  Refinery  
  36  8:09  SCV x2  
  38  8:17  Missile Turret  
  38  8:21  SCV  
  38  8:22  SCV  
  40  8:27  Missile Turret  
  40  8:28  Factory Tech Lab  
  40  8:33  SCV  
  41  8:34  SCV  
  41  8:37  Starport Tech Lab  
  42  8:46  SCV  
  42  8:47  SCV  
  44  8:48  Bunker  
  44  8:57  Raven  
  44  8:58  SCV  
  44  8:59  SCV  
  48  9:08  Marine  
  47  9:10  SCV  
  47  9:11  SCV  
  35  9:18  Marine  
  35  9:22  SCV  
  35  9:24  SCV  
  38  9:27  Marine  
  38  9:34  SCV  
  38  9:36  Marine  
  32  9:44  Marine  
  32  9:54  Marauder  
  32  10:03  Marauder  
  10  10:28  SCV  
  2  10:40  SCV  
  3  10:52  SCV  
Tags
 
Add a new tag
Caveats
  • Supply blocks, unpowered buildings, or Contaminate may cause inaccurate times.
  • Supply counts are checked every 10 seconds.